AoeStats
← Brazy_Boy4

Baltic

510457955Analyzed
3v3 RM · 2d ago on Oct 1, 2026· 55m 3s· 6 players
Game mode
Random Map
Map size
Normal (6 player)
Population
200
Speed
Normal
Resources
Standard
Victory
Conquest
Starting age
Dark Age
Ending age
Imperial Age
RankedLock teamsTeams togetherTeam positionsShared explorationLock speedFull tech treeHidden civsTurbo modeCheats
Victory
Defeat
🇺🇸 Danes · United States
1105
+13
🇺🇸 Mapuche · United States
1016
+17
🇺🇸 Saxons · United States
1015
+17
🇨🇷 Khmer · Costa Rica
1116
-18
🇨🇷 Danes · Costa Rica
1014
-15
🇨🇷 Franks · Costa Rica
994
-14
therabbi99
5:28 Loom
11:40 Feudal Age
12:21 Double-Bit Axe
20:13 Castle Age
19:53 Arson
21:37 Horse Collar
23:06 Bow Saw
23:33 Wheelbarrow
23:10 Gold Mining
25:45 Fletching
27:48 Forging
27:44 Scale Barding Armor
28:26 Ballistics
28:26 Squires
30:17 Iron Casting
29:44 Scale Mail Armor
30:21 Gambesons
30:14 Elite Skirmisher
31:19 Masonry
33:17 Bodkin Arrow
34:12 Thumb Ring
34:27 Hand Cart
34:35 Padded Archer Armor
39:39 Imperial Age
40:11 Leather Archer Armor
40:14 Chain Mail Armor
39:44 Cranequins
41:30 Conscription
44:28 Gold Shaft Mining
43:24 Shield Wall
43:45 Pikeman
45:42 Plate Mail Armor
45:14 Bracer
45:44 Ring Archer Armor
45:34 Halberdier
47:33 Heavy Mounted Crossbowman
49:37 Chemistry
48:24 Arrowslits
50:04 Caravan
53:57 Stone Mining
53:32 Elite Hearth Troop
Brazy_Boy4
0:43 Loom
12:33 Feudal Age
12:59 Double-Bit Axe
14:41 Fishing Lines
21:22 Castle Age
21:05 Stone Mining
22:54 Fletching
24:07 Wheelbarrow
24:03 Bodkin Arrow
26:46 Clinker Construction
27:12 Bow Saw
28:41 Ballistics
28:57 Forging
29:21 Gold Mining
30:10 Horse Collar
34:42 Imperial Age
33:04 Scale Mail Armor
35:25 Iron Casting
34:40 Gambesons
34:56 Squires
36:04 Hand Cart
36:19 Caravan
37:01 Chain Mail Armor
37:30 Heavy Plow
38:21 Elite Jomsviking
40:27 Blast Furnace
39:20 Town Watch
39:31 Hamask
46:05 Gold Shaft Mining
46:05 Conscription
46:34 Plate Mail Armor
46:30 Arson
51:57 Bracer
52:04 Town Patrol
52:05 Pikeman
53:52 Chemistry
52:58 Siege Engineers
Badacidreflux
8:07 Loom
10:24 Feudal Age
10:50 Double-Bit Axe
14:29 Fletching
21:02 Castle Age
19:17 Padded Archer Armor
19:23 Horse Collar
20:29 Gold Mining
22:10 Medium Warships
27:54 Wheelbarrow
28:04 Bodkin Arrow
28:38 Bow Saw
29:03 Gold Shaft Mining
29:45 Heavy Plow
30:15 Ballistics
32:02 Leather Archer Armor
35:02 Fishing Lines
38:09 Imperial Age
36:27 Caravan
36:30 Gillnets
37:46 Malon
39:30 Conscription
39:20 Butalmapu
39:38 Conscription
40:17 Crop Rotation
40:51 Chemistry
40:34 Hand Cart
41:20 Ring Archer Armor
41:46 Elite Bolas Rider
42:58 Forging
42:49 Scale Mail Armor
42:13 Pikeman
44:37 Halberdier
46:04 Iron Casting
45:45 Chain Mail Armor
50:03 Town Watch
49:48 Champi Runner
51:07 Hoardings
53:49 Siege Engineers
The_Terciopelo
10:49 Feudal Age
15:34 Castle Age
13:32 Double-Bit Axe
13:39 Horse Collar
14:03 Fishing Lines
17:04 Medium Warships
17:11 Medium Warships
20:19 Loom
20:41 Demolition Ship
22:54 Fletching
25:14 Bodkin Arrow
26:54 Careening
27:57 Ballistics
29:37 Clinker Construction
30:56 Murder Holes
31:57 Forging
31:53 Scale Barding Armor
32:43 Bloodlines
32:34 Husbandry
36:30 Imperial Age
34:06 Tusk Swords
35:11 Iron Casting
35:55 Heavy Plow
36:55 Chain Barding Armor
38:16 Plate Barding Armor
38:42 Blast Furnace
38:05 Conscription
38:35 Wheelbarrow
39:38 Hand Cart
39:25 Gold Mining
40:00 Elite Battle Elephant
41:01 Bow Saw
46:15 Gold Shaft Mining
47:41 Bracer
49:20 Cavalier
55:41 Chemistry
54:47 Siege Engineers
Ganito
6:39 Loom
7:37 Loom
10:04 Feudal Age
17:18 Castle Age
18:55 Double-Bit Axe
21:13 Horse Collar
21:45 Bow Saw
23:46 Scale Mail Armor
25:37 Chain Mail Armor
26:07 Arson
26:23 Squires
32:09 Imperial Age
30:18 Wheelbarrow
29:29 Town Watch
34:45 Conscription
35:18 Fletching
35:22 Cranequins
41:53 Plate Mail Armor
41:25 Padded Archer Armor
41:21 Bodkin Arrow
41:51 Ballistics
42:31 Chemistry
44:21 Leather Archer Armor
44:08 Bracer
44:09 Elite Skirmisher
50:43 Pikeman
51:08 Gambesons
51:39 Elite Skirmisher
51:52 Halberdier
Yulego24
7:17 Loom
10:04 Feudal Age
12:02 Double-Bit Axe
12:59 Scale Barding Armor
19:13 Castle Age
18:04 Forging
21:00 Fletching
23:48 Bow Saw
28:43 Iron Casting
28:26 Husbandry
29:48 Wheelbarrow
29:49 Chain Barding Armor
34:23 Imperial Age
33:20 Gold Mining
34:26 Bodkin Arrow
35:14 Cavalier
37:49 Plate Barding Armor
37:37 Conscription
39:05 Paladin
39:09 Cranequins
43:30 Blast Furnace
46:09 Chivalry
Connection lost

Rejoining the realm…

Still unreachable

The connection could not be restored.

Session expired

The server has moved on; the page needs a fresh start.